 Dungeon Crawl Stone Soup version 0.29.1-2-gbd0b4ee654 (webtiles) character file.

Game seed: 12761557686140659349

42 safid the Shooter (level 3, -2/33 HPs)
             Began as a Minotaur Hunter on Nov 3, 2022.
             Slain by a gnoll
             ... wielding a +0 halberd
              (5 damage)
             ... on level 2 of the Dungeon.
             The game lasted 00:02:32 (1445 turns).

safid the Shooter (Minotaur Hunter)                 Turns: 1445, Time: 00:02:32

Health: -2/33      AC:  4    Str: 15    XL:     3   Next: 33%
Magic:  2/2        EV: 12    Int:  6    God:
Gold:   136        SH:  0    Dex: 15    Spells: 2/2 levels left

rFire   + . .      SeeInvis .   a - +0 shortbow
rCold   . . .      Faith    .   (shield currently unavailable)
rNeg    . . .      Spirit   .   c - +0 leather armour
rPois   .          Reflect  .   (helmet restricted)
rElec   .          Harm     .   (no cloak)
rCorr   .          Rampage  .   (no gloves)
Will    .....                   e - +0 pair of boots
Stlth   +.........              (no amulet)
HPRegen 0.11/turn               k - ring of protection from fire
MPRegen 0.08/turn               (no ring)

@: no status effects
A: horns 2, retaliatory headbutt
a: no special abilities


You were on level 2 of the Dungeon.
You visited 1 branch of the dungeon, and saw 2 of its levels.

You collected 136 gold pieces.

Inventory:

Hand Weapons
 a - a +0 shortbow (weapon)
Armour
 c - a +0 leather armour (worn)
 e - a +0 pair of boots (worn)
Jewellery
 k - a ring of protection from fire (left hand)
Scrolls
 b - a scroll of immolation
 d - 2 scrolls of fear {unknown}
 g - 2 scrolls of butterflies {unknown}
 h - 2 scrolls of magic mapping {unknown}
 i - a scroll of blinking {unknown}
 j - 2 scrolls of teleportation {unknown}
Potions
 f - a potion of haste {unknown}
 l - a potion of mutation {unknown}


   Skills:
 + Level 3.6 Fighting
 + Level 5.1 Ranged Weapons
 - Level 2.1 Dodging
 - Level 0.7 Stealth


You had 2 spell levels left.
You didn't know any spells.
Your spell library contained the following spells:

 Spells                   Type           Power      Damage    Failure   Level
 Call Canine Familiar     Summ           0%         N/A       88%         3
 Portal Projectile        Hex/Tloc       0%         N/A       88%         3
 Leda's Liquefaction      Hex/Erth       0%         N/A       99%         4


Dungeon Overview and Level Annotations

Branches:
Dungeon (2/15)

Altars:


Innate Abilities, Weirdness & Mutations

You have a pair of horns on your head.
You reflexively headbutt those who attack you in melee.


Message History

There is an open door here.
You now have 136 gold pieces (gained 7). 2 gnolls come into view.
The gnoll shouts! x2
A gnoll comes into view. It is wielding a +0 club. x2
There are monsters nearby!
You shoot an arrow. The gnoll shouts!
The arrow hits the gnoll but does no damage.
You shoot an arrow. The arrow hits the gnoll.
The gnoll is lightly wounded.
You shoot an arrow.
The arrow hits the gnoll but does no damage.
The gnoll is lightly wounded.
You shoot an arrow. The arrow hits the gnoll!
The gnoll is severely wounded.
The gnoll barely misses you.
You shoot an arrow. The arrow hits the gnoll.
The gnoll is moderately wounded.
The gnoll closely misses you. The gnoll barely misses you.
The gnoll closely misses you. The gnoll misses you.
You shoot an arrow. The arrow barely misses the gnoll.
The gnoll hits you with a +0 club. The gnoll hits you with a +0 flail!
The gnoll hits you with a +0 club.
The gnoll hits you from afar with a +0 halberd.
You are too injured to fight recklessly!
You are too injured to fight recklessly!
You are too injured to fight recklessly!
You are too injured to fight recklessly!
You are too injured to fight recklessly!
Unknown command.
The gnoll attacks as you move away! The gnoll misses you.
The gnoll attacks as you move away! The gnoll hits you with a +0 club.
The gnoll attacks as you move away! The gnoll closely misses you.
The gnoll attacks as you move away! The gnoll barely misses you.
The gnoll attacks as you move away! The gnoll closely misses you.
The gnoll hits you with a +0 club!
* * * LOW HITPOINT WARNING * * *
The gnoll hits you from afar with a +0 halberd.
You die...

...........##.##.###.#.#.)...###.
..##.......#.......#.#.#.....# #.
..##.####..#.>##.#.....#...#.# #.
..'..............#.....##......#.
..##.#.#...<..##.##.....+......#.
##...............###'####......#.
.#.#.#.#....##.###.# #........
#.#..........##.....## #........
#.###.##.....##@.....# .....
......##ggg...# #...
..##....#g.....#
.##....#....>.#######
.....................
.......#.............
.......#.......?.....
.##....######........ #....
#........


You could see 4 gnolls.

Vanquished Creatures
  5 ball pythons
  4 bats
  4 endoplasms
  2 giant cockroaches (D:2)
  A goblin (D:1)
  7 hobgoblins
  4 jackals
  A kobold (D:2)
  A quokka (D:1)
  5 frilled lizards
  A rat (D:2)
35 creatures vanquished.

Notes
Turn   | Place    | Note
-------+----------+-------------------------------------------
     0 | D:1      | safid the Minotaur Hunter began the quest for the Orb.
     0 | D:1      | Reached XP level 1. HP: 18/18 MP: 0/0
   147 | D:1      | Reached XP level 2. HP: 25/25 MP: 1/1
  1125 | D:2      | Reached skill level 5 in Ranged Weapons
  1125 | D:2      | Reached XP level 3. HP: 31/31 MP: 2/2
  1175 | D:2      | Identified the +4 dagger of Summertime {vorpal, Will- MP+9
                  | Dex+3}
  1230 | D:2      | Found a faded altar of an unknown god.
  1236 | D:2      | Identified the +3 spear of Fosh {flame, rElec rCorr Dex+3}
  1445 | D:2      | Slain by a gnoll

Illustrated notes

Levels and vault maps discovered:
D:1:      enne_arrival_octagon_isle, layout_basic
D:2:      layout_basic, hellmonk_ecumenical_altar_dog_temple

Skill      XL: |  1  2 |
---------------+-------+-----
Fighting       | 3 |  3.6
Ranged Weapons | 5 |  5.1
Dodging        | |  2.1
Stealth        | |  0.7

Action                   || total
-------------------------++-------
 Fire: Shortbow          ||    78
Armor: Leather armour    ||    13
Dodge: Dodged            ||    30
